 Dungeon Crawl Stone Soup version 0.22-a0-879-g615c57abe7 (webtiles) character file.

54 Chiseanne the Skirmisher (level 3, 0/49 HPs)
             Began as a Demonspawn Wanderer on July 30, 2018.
             Slain by an orc wizard
             ... wielding a +0 dagger
              (2 damage)
             ... on level 1 of the Dungeon.
             The game lasted 00:03:07 (1196 turns).

Chiseanne the Skirmisher (Demonspawn Wanderer)      Turns: 1196, Time: 00:03:08

Health: 0/49       AC:  5    Str: 14    XL:     3   Next: 66%
Magic:  3/3        EV: 11    Int: 22    God:
Gold:   53         SH:  0    Dex: 12    Spells: 2/2 levels left

rFire    . . .     SeeInvis .   a - +2 dagger
rCold    . . .     Gourm    .   (no shield)
rNeg     . . .     Faith    .   i - +0 leather armour
rPois    .         Spirit   .   (no helmet)
rElec    .         Reflect  .   (no cloak)
rCorr    .         Harm     .   (no gloves)
MR       .....                  (no boots)
Stlth    ..........             (no amulet)
HPRegen  0.16/turn              (no ring)
MPRegen  0.08/turn              (no ring)

@: brilliant, berserking, hasted, very quick
A: icy blue scales 1, powered by death 1
a: no special abilities


You were on level 1 of the Dungeon.
You were not hungry.

You visited 1 branch of the dungeon, and saw 2 of its levels.

You collected 53 gold pieces.

Inventory:

Hand Weapons
 a - a +2 dagger (weapon)
 c - a +0 hand axe
 m - a +0 hunting sling
Missiles
 g - 2 throwing nets (quivered)
 h - 80 stones
 n - 14 poisoned needles
 r - 6 tomahawks
Armour
 i - a +0 leather armour (worn)
Scrolls
 d - a scroll of teleportation
Potions
 o - 2 potions of mutation
 p - a potion of brilliance
Comestibles
 f - 2 rations


   Skills:
 * Level 5.4 Fighting
 - Level 1.0 Axes
 - Level 1.0 Armour
 - Level 1.0 Dodging
 - Level 2.6 Stealth


You had 2 spell levels left.
You didn't know any spells.
Your spell library was empty.

Dungeon Overview and Level Annotations

Branches:
Dungeon (2/15)

Altars:
Dithmenos
Sif Muna
Xom

Annotations:
D:2 Terence


Innate Abilities, Weirdness & Mutations

You are partially covered in icy blue scales. (AC +2)
You regenerate a little health from kills.


Message History

You barely miss something.
You hear some strange, mumbled words.
You are confused.
You miss something. Something hits you.
* * * LOW HITPOINT WARNING * * *
Something hits you but does no damage.
There is a stone staircase leading down here.
It was a potion of brilliance.
You feel clever all of a sudden.
It was a potion of berserk rage.
A red film seems to cover your vision as you go berserk!
You feel yourself moving faster!
You feel mighty! Something hits you but does no damage.
You miss something.
You feel less confused. Something hits you but does no damage.
You feel a strong urge to attack something.
Something hits you.
You die...

###.##.#.# .....#.#+##
#'##.#....# ..........#
##########
.....#....#####........#
..)#.#.....^.##........#
.#.#.......#)##........#
.#...#.....#.##........#
.#.#.#....##.##.@.>...รท#
.#.#.#....##.##.{......#
.#.#.#....##.##........#
...#.#....##.##........#
...#.#....##.##........#
...#.#....##...........#
...#..................##
......................#
#..#........###########


There were no monsters in sight!

Vanquished Creatures
  An orc priest (D:2)
  A dart slug (D:1)
  A leopard gecko (D:1)
  An orc (D:2)
  2 bats (D:1)
  A giant cockroach (D:2)
  3 goblins (D:1)
  3 hobgoblins (D:1)
  2 frilled lizards (D:1)
  A kobold (D:2)
  7 rats (D:1)
23 creatures vanquished.

Notes
Turn   | Place    | Note
-------+----------+-------------------------------------------
     0 | D:1      | Chiseanne the Demonspawn Wanderer began the quest for the Orb.
     0 | D:1      | Chiseanne set off with: a +2 dagger, a potion of haste, a +0 hand axe, a scroll of teleportation, a +0 robe, a ration
     0 | D:1      | Reached XP level 1. HP: 19/19 MP: 1/1
   447 | D:1      | Gained mutation: You regenerate a little health from kills. [demonic ancestry]
   447 | D:1      | Reached XP level 2. HP: 25/26 MP: 2/2
   774 | D:1      | Found a glowing golden altar of the Shining One.
   776 | D:1      | Found a radiant altar of Vehumet.
   776 | D:1      | Found a shimmering altar of Xom.
   780 | D:1      | Found a shimmering altar of Xom.
   780 | D:1      | Found a deep blue altar of Sif Muna.
   780 | D:1      | Found a shadowy altar of Dithmenos.
  1077 | D:2      | Noticed Terence
  1162 | D:2      | HP: 1/26 [orc priest/short sword (1)]
  1173 | D:2      | Reached skill level 5 in Fighting
  1173 | D:2      | Gained mutation: You are partially covered in icy blue scales. (AC +2) [demonic ancestry]
  1173 | D:2      | Reached XP level 3. HP: 10/33 MP: 3/3
  1189 | D:1      | HP: 1/33 [something (2)]
  1196 | D:1      | Slain by an orc wizard

Vault maps used:
D:1:      roderic_crop_circles_arrival_small, doesnt_xom_only_xom
D:2:      cheibrodos_pilgrimage, uniq_terence

Skill      XL: |  1  2 |
---------------+-------+-----
Fighting       | 5 |  5.4
Axes           | |  1.0
Armour         | |  1.0
Dodging        | |  1.0
Stealth        | |  2.6

Action                   || total
-------------------------++-------
Melee: Dagger            ||   102
  Use: Scroll            ||     3
       Potion            ||     4
 Stab: Sleeping          ||     2
  Eat: Chunk             ||     1
Armor: Robe              ||    21
       Leather armour    ||     5
Dodge: Dodged            ||    57

Table legend:
 A = Spawn XP
 B = Non-spawn XP
 C = Spawn XP percentage of total XP
 D = Spawn monster count
 E = Non-spawn monster count
 F = Spawn count percentage of total count
 G = Total turns spent on level
                    A         B        C        D         E        F      G
               +---------+---------+-------+---------+---------+-------+---------
         Total |       0 |      78 |   0.0 |       0 |      23 |   0.0 |  1196
               +---------+---------+-------+---------+---------+-------+---------
           D:1 |       0 |      31 |   0.0 |       0 |      19 |   0.0 |  1047
           D:2 |       0 |      47 |   0.0 |       0 |       4 |   0.0 |   149
               +---------+---------+-------+---------+---------+-------+---------
